 Dungeon Crawl Stone Soup version 0.32-a0-872-g59262bdc9b (webtiles) character file.

Game seed: 18394090720904263119

108 Aldia the Ruffian (level 4, 0/54 HPs)
             Began as a Draconian Shapeshifter on Mar 30, 2024.
             Was an Initiate of Ru.
             Slain by a ribbon worm (5 damage)
             ... on level 3 of the Dungeon.
             The game lasted 00:04:04 (2172 turns).

Aldia the Ruffian (Draconian Shapeshifter)          Turns: 2172, Time: 00:04:04

Health: 0/54       AC: 22    Str: 16    XL:     4   Next: 58%
Magic:  4/4        EV:  2    Int: 10    God:    Ru [......]
Gold:   123        SH:  0    Dex: 13    Spells: 3/3 levels left

rFire   . .          .
                       - Unarmed
rCold   . . .        (no shield)
rNeg    . . .        (body armour unavailable)
rPois   +            (helmet currently unavailable)
rElec   .            (cloak currently unavailable)
rCorr   .            (gloves currently unavailable)
SInv    .            (boots currently unavailable)
Will    .....        (no amulet)
Stlth   +            (no ring)
HPRegen 0.29/turn    (no ring)
MPRegen 0.09/turn

%: no passive effects
@: tree-form
A: stationary, stasis, torment immunity, boosted hp, AC +5, unfitting armour,
(cold-blooded)
a: Renounce Religion


You were on level 3 of the Dungeon.
You worshipped Ru.
Ru was noncommittal.
You were a tree.
You visited 1 branch of the dungeon, and saw 3 of its levels.

You collected 123 gold pieces.

Inventory:

Missiles
 f - a throwing net (quivered)
Armour
 j - a +0 kite shield
Talismans
 b - a beast talisman (active)
 c - a flux talisman
Scrolls
 e - a scroll of poison
 g - 4 scrolls of teleportation {unknown}
 i - a scroll of blinking {unknown}
 k - a scroll of enchant weapon {unknown}
 m - a scroll of noise {unknown}
Potions
 d - a potion of attraction {unknown}
 h - 2 potions of mutation {unknown}
 l - 2 potions of heal wounds {unknown}


   Skills:
 - Level 2.0 Fighting
 - Level 2.0 Dodging
 * Level 4.1 Unarmed Combat
 * Level 3.9 Shapeshifting


You had 3 spell levels left.
You didn't know any spells.
Your spell library contained the following spells:

 Spells                   Type           Power      Damage    Failure   Level
 Sculpt Simulacrum        Ice/Alch       0%         N/A       100%        6
 Ozocubu's Refrigeration  Ice            0%         4d7       100%        7
 Polar Vortex             Ice            0%         N/A       100%        9


Dungeon Overview and Level Annotations

Branches:
Dungeon (3/15)

Altars:
Ru


Innate Abilities, Weirdness & Mutations

You are a tree.
Your roots penetrate the ground, keeping you stationary.
You cannot be teleported.
You are immune to unholy pain and torment.
Your maximum health is greatly increased.
Your equipment is partially melded.
((Your plain brown scales are hard. (AC +5)))
You cannot fit into any form of body armour.
((You are cold-blooded and may be slowed by cold attacks.))


Message History

You hit the ribbon worm. You tail-slap the ribbon worm.
The ribbon worm is severely wounded.
The endoplasm barely misses you. The ribbon worm bites you.
* * * LOW HITPOINT WARNING * * *
The dart slug closely misses you. The endoplasm freezes you.
You are frozen.
* * * LOW HITPOINT WARNING * * *
The dart slug bites you.
* * * LOW HITPOINT WARNING * * *
The endoplasm attacks as it pursues you!
The endoplasm hits you but does no damage.
The endoplasm freezes you.
You are frozen.
* * * LOW HITPOINT WARNING * * *
Unknown command.
Your transformation has ended.
You turn into a tree.
Your roots penetrate the ground.
The endoplasm barely misses you.
You completely miss the endoplasm.
You feel yourself speed up.
The endoplasm hits you but does no damage. x2
You smack the endoplasm!
You kill the endoplasm!
You smack the dart slug!
You kill the dart slug!
You cannot move.
You cannot move.
You cannot move.
The ribbon worm expels a string of sticky webbing.
The stream of webbing hits you but does no damage.
You are caught in a web!
The web tears apart.
The ribbon worm bites you but does no damage.
You completely miss the ribbon worm.
You punch the ribbon worm, but do no damage.
The ribbon worm is lightly wounded.
The ribbon worm bites you.
You die...
Ru respects your ultimate sacrifice.

#.#####.##.##.
########.#...........
#..............####..
#......)..(..### #..
#..#####.....######.. #..#
#..#......>... #..#
#....#######..
###.#..#####.............
........w♣..##.#########.#
...#.##.###<#...## #.# #
#....#........# #.#
####.#.#.#....#######.#
#.....##.#........#.
###.####.......###.# #.
#######...... #. #####.#
#. ###


You could see a ribbon worm (catching breath).

Vanquished Creatures
  Robin (D:2)
  3 adders (D:2)
  A ribbon worm (D:2)
  A dart slug (D:3)
  3 orcs (D:3)
  2 endoplasms
  2 giant cockroaches (D:2)
  9 goblins (D:2)
  10 hobgoblins
  4 jackals (D:2)
  3 kobolds
  3 quokkas
  3 ball pythons
  8 bats
  2 frilled lizards
  2 rats (D:1)
57 creatures vanquished.

Notes
Turn   | Place    | Note
-------+----------+-------------------------------------------
     0 | D:1      | Aldia the Draconian Shapeshifter began the quest for the
                  | Orb.
     0 | D:1      | Reached XP level 1. HP: 16/16 MP: 1/1
   130 | D:1      | Reached XP level 2. HP: 17/23 MP: 2/2
   891 | D:2      | Reached XP level 3. HP: 21/29 MP: 3/3
  1007 | D:2      | Found a faded altar of an unknown god.
  1109 | D:2      | Identified the +2 robe of Benevolence {Str+2}
  1124 | D:2      | Noticed Robin
  1149 | D:2      | Killed Robin
  1153 | D:2      | Reached XP level 4. HP: 36/36 MP: 4/4
  1284 | D:2      | Reached skill level 4 in Unarmed Combat
  1386 | D:2      | Found a sacrificial altar of Ru.
  1906 | D:2      | Became a worshipper of Ru the Awakened
  2164 | D:3      | HP: 1/36 [frozen (3)]
  2172 | D:3      | Slain by a ribbon worm

Illustrated notes

Levels and vault maps discovered:
D:1:      dpeg_arrival_concentric_ovals, layout_loops_ring
D:2:      layout_basic, basic_altar, hellmonk_ecumenical_altar_leap_of_faith,
          uniq_robin
D:3:      layout_loops_ring, mainiacjoe_overflow_divided_tiny

Skill      XL: |  1  2  3  4 |
---------------+-------------+-----
Dodging        | 2 |  2.0
Fighting       | 2 |  2.0
Unarmed Combat | 4 |  4.1
Shapeshifting  | |  3.9

Action                     |  1- 3 |  4- 6 || total
---------------------------+-------+-------++-------
  Melee: Unarmed           |    99 |    53 ||   152
         Tailslap          |     8 |     4 ||    12
         Punch             |     2 |     2 ||     4
    Use: Scroll            |     1 |       ||     1
         Potion            |       |     1 ||     1
   Stab: Sleeping          |     1 |       ||     1
 Armour: Skin              |    69 |    42 ||   111
  Dodge: Dodged            |    69 |    27 ||    96

Table legend: (Time is in decaauts)
 A = Elapsed time spent in this place.
 B = Non-inter-level travel time spent in this place.
 C = Inter-level travel time spent in this place.
 D = Time resting spent in this place.
 E = Time spent auto-exploring this place.
 F = Levels seen in this place.
 G = Mean time per level.
                   A        B        C        D        E       F      G
               +--------+--------+--------+--------+--------+-----+--------+
         Total |   2167 |   1902 |    265 |    100 |   1437 |   3 |  722.3 |
       Dungeon |   2167 |   1902 |    265 |    100 |   1437 |   3 |  722.3 |
               +--------+--------+--------+--------+--------+-----+--------+

Top non-repeatable levels by time:
     D:2: 1031 daAuts
     D:1: 715 daAuts
     D:3: 420 daAuts
